 Dungeon Crawl Stone Soup version 0.29.1-2-gbd0b4ee654 (webtiles) character file.

Game seed: 16795401631925315277

21 styxcanada the Sneak (level 2, -1/15 HPs)
             Began as a Spriggan Brigand on Nov 17, 2022.
             Succumbed to a kobold's poison
             ... on level 1 of the Dungeon on Nov 18, 2022.
             The game lasted 00:02:06 (322 turns).

styxcanada the Sneak (Spriggan Brigand)              Turns: 322, Time: 00:02:07

Health: -1/15      AC:  5    Str:  7    XL:     2   Next: 65%
Magic:  3/3        EV: 16    Int: 12    God:
Gold:   16         SH:  0    Dex: 16    Spells: 1/1 levels left

rFire   . . .      SeeInvis +   a - +2 dagger
rCold   . . .      Faith    .   (no shield)
rNeg    . . .      Spirit   .   b - +0 robe
rPois   .          Reflect  .   g - +2 hat
rElec   .          Harm     .   c - +0 cloak
rCorr   .          Rampage  .   (gloves unavailable)
Will    .....                   (boots unavailable)
Stlth   +++.......              (no amulet)
HPRegen 0.05/turn               (no ring)
MPRegen 0.08/turn               (no ring)

@: lethally poisoned (-1 -> -11), very quick
A: very small, no large weapons, unfitting armour, see invisible, speed 3
a: no special abilities


You were on level 1 of the Dungeon.
You visited 1 branch of the dungeon, and saw 1 of its levels.

You collected 16 gold pieces.

Inventory:

Hand Weapons
 a - a +2 dagger (weapon)
 h - a +0 short sword of venom
Missiles
 d - 6 poisoned darts (quivered)
 e - 3 curare-tipped darts
 f - 13 stones
Armour
 b - a +0 robe (worn)
 c - a +0 cloak (worn)
 g - a +2 hat (worn)


   Skills:
 * Level 1.8 Fighting
 + Level 2.5 Short Blades
 + Level 2.1 Throwing
 * Level 1.4 Dodging
 * Level 6.5 Stealth


You had one spell level left.
You didn't know any spells.
Your spell library was empty.

Dungeon Overview and Level Annotations

Branches:
Dungeon (1/15)

Altars:


Innate Abilities, Weirdness & Mutations

You are very small and have problems with some larger weapons.
You are too small for most types of armour.
You have supernaturally acute eyesight. (SInv)
You cover ground extremely quickly. (Speed+++)


Message History

You throw a poisoned dart. The poisoned dart hits the gnoll.
The gnoll is poisoned.
The kobold shouts!
Throw: 8 darts (poison)
Press: ? - help, Q - select action, (/) - cycle Shift-Dir - straight line, f/p - gnoll
Aim: a gnoll, wielding a +0 club (poisoned, 64% to hit)
You throw a poisoned dart. The poisoned dart hits the gnoll.
The gnoll looks even sicker.
Unknown command.
Throw: 7 darts (poison)
Press: ? - help, Q - select action, (/) - cycle Shift-Dir - straight line, f/p - gnoll
Aim: a gnoll, wielding a +0 club (moderately wounded, very poisoned, 64% to hit)
You throw a poisoned dart. The poisoned dart hits the gnoll.
The gnoll is moderately wounded.
You hit the gnoll.
The gnoll is severely wounded.
The gnoll hits you with a +0 club.
You hit the gnoll.
You kill the gnoll!
You hit the kobold but do no damage. You barely miss the kobold.
The kobold barely misses you.
You barely miss the kobold.
The kobold hits you with a +0 short sword of venom.
You are poisoned.
You barely miss the kobold.
You feel sick.
The kobold hits you with a +0 short sword of venom.
* * * LOW HITPOINT WARNING * * *
You are more poisoned.
You hit the kobold.
You kill the kobold!
* * * LOW HITPOINT WARNING * * *
You feel very sick.
* * * LOW HITPOINT WARNING * * *
You feel sick.
Things that are here:
a +0 short sword of venom; a +0 club; a kobold corpse
There is a lethal amount of poison in your body!
You aren't carrying any potions.
h - a +0 short sword of venom You die...

......#...........#
#............
......#...........#
##########..#
......#...........#
#...........#
##......#....)....#
#.########..#
###.#.#..###......#
#.#.........#
.##†#)#..# #......#
#.#.........#
.##.#.#..# #......#
#.#..........
....#.#..# #####.##
#............
###.#.#..# #@#
######...#.#.
..#.#..# #.#
#####... #.#.#...
#.# ..#. #.#.#.## #
#.# ### #.#.# #.#.#
# #.# #.#(# .#
#...# ###.# #.#


There were no monsters in sight!

Vanquished Creatures
  A gnoll (D:1)
  2 ball pythons (D:1)
  A bat (D:1)
  An endoplasm (D:1)
  A giant cockroach (D:1)
  2 kobolds (D:1)
  A quokka (D:1)
  2 rats (D:1)
11 creatures vanquished.

Notes
Turn   | Place    | Note
-------+----------+-------------------------------------------
     0 | D:1      | styxcanada the Spriggan Brigand began the quest for the
                  | Orb.
     0 | D:1      | Reached XP level 1. HP: 10/10 MP: 2/2
   102 | D:1      | Reached skill level 6 in Stealth
   256 | D:1      | Reached XP level 2. HP: 15/15 MP: 3/3
   322 | D:1      | Succumbed to a kobold's poison

Illustrated notes

Levels and vault maps discovered:
D:1:      grunt_arrival_lava_bath, layout_basic, basic_ecumenical_altar

Skill      XL: |  1 |
---------------+----+-----
Stealth        | 6 |  6.5
Fighting       | |  1.8
Short Blades   | |  2.5
Throwing       | |  2.1
Dodging        | |  1.4

Action                   || total
-------------------------++-------
Melee: Dagger            ||    28
Throw: Dart              ||     3
 Stab: Sleeping          ||     4
Armor: Robe              ||     4
Dodge: Dodged            ||    17
